 Dungeon Crawl Stone Soup version 0.21.1-1-g345015f (webtiles) character file.

17997 empire the Cleaver (level 12, -6/91 HPs)
             Began as a Minotaur Fighter on June 12, 2018.
             Was the Champion of Cheibriados.
             Killed from afar by Josephine (26 damage)
             ... with a ghostly fireball
             ... on level 12 of the Dungeon.
             The game lasted 00:35:26 (10492 turns).

empire the Cleaver (Minotaur Fighter)              Turns: 10492, Time: 00:35:27

Health: -6/91      AC: 14    Str: 38    XL:     12   Next: 23%
Magic:  11/11      EV: 11    Int: 21    God:    Cheibriados [******]
Gold:   647        SH: 13    Dex: 30    Spells: 8/11 levels left

rFire    + . .     SeeInvis .   a - +7 mace "Voonoho" {crush, rPois}
rCold    + . .     Gourm    .   Z - +1 shield
rNeg     . . .     Faith    .   X - +3 ring mail
rPois    +         Spirit   .   (helmet restricted)
rElec    +         Reflect  .   Y - +2 cloak
rCorr    +         Harm     .   W - +1 pair of gloves (curse)
MR       +....                  (no boots)
Stlth    ++........             (no amulet)
HPRegen  0.25/turn              Q - +3 ring of dexterity
MPRegen  0.12/turn              V - ring of protection from magic

@: resistant, heavily drained, very slow
A: retaliatory headbutt, horns 2
a: Bend Time, Temporal Distortion, Slouch, Step From Time, Renounce Religion


You were on level 12 of the Dungeon.
You worshipped Cheibriados.
Cheibriados was exalted by your worship.
You were not hungry.

You visited 2 branches of the dungeon, and saw 13 of its levels.
You also visited: Sewer and Ossuary.

You collected 647 gold pieces.

Inventory:

Hand Weapons
 a - the +7 mace "Voonoho" (weapon) {crush, rPois}
   (You found it in a sewer)

   It inflicts extra damage upon your enemies.
   It protects you from poison.
 b - a +1 war axe of chopping
 j - a +1 short sword of draining
Missiles
 B - 6 steel javelins (quivered)
Armour
 e - the +5 scale mail of Disappointment {*Corrode Str+4 Int+10 Slay+3, unknown}
   (You found it on level 11 of the Dungeon)

   It affects your strength (+4).
   It affects your intelligence (+10).
   It affects your accuracy and damage with ranged weapons and melee attacks
   (+3).
   It may corrode you when you take damage.
 g - a +0 troll leather armour
 m - the +0 ring mail "Kepopp" {Int+5, unknown}
   (You found it on level 12 of the Dungeon)

   It affects your intelligence (+5).
 W - a cursed +1 pair of gloves (worn)
 X - a +3 ring mail (worn)
 Y - a +2 cloak (worn)
 Z - a +1 shield (worn)
Magical Staves
 d - a cursed staff of death {unknown}
Jewellery
 L - an uncursed ring of flight
 Q - a +3 ring of dexterity (left hand)
 V - a ring of protection from magic (right hand)
Wands
 c - a wand of iceblast (4)
 A - a wand of paralysis (30)
 J - a wand of disintegration (20)
 R - a wand of digging (9)
 S - a wand of flame (48)
Scrolls
 f - a scroll of magic mapping
 h - a scroll of immolation
 l - a scroll of identify
 C - 9 scrolls of remove curse
 D - a scroll of fog
 M - 3 scrolls of fear
 O - 3 scrolls of teleportation
 T - 4 scrolls of amnesia
Potions
 E - 2 potions of mutation
 F - a potion of lignification
 H - a potion of resistance
 I - a potion of heal wounds
 K - 2 potions of curing
 N - a potion of flight
Books
 i - a Young Poisoner's Handbook

   Spells                             Type                      Level
   a - Sting                          Conjuration/Poison           1
   b - Poisonous Vapours              Poison/Air                   2
   c - Mephitic Cloud                 Conjuration/Poison/Air       3
   d - Olgreb's Toxic Radiance        Poison                       4
   e - Venom Bolt                     Conjuration/Poison           5
 k - a book of Power

   Spells                             Type                      Level
   a - Iskenderun's Battlesphere      Conjuration/Charms           5
   b - Venom Bolt                     Conjuration/Poison           5
   c - Bolt of Magma                  Conjuration/Fire/Earth       5
   d - Iron Shot                      Conjuration/Earth            6
   e - Orb of Destruction             Conjuration                  7
   f - Spellforged Servitor           Conjuration/Summoning        7
Comestibles
 G - 22 rations


   Skills:
 - Level 4.0(2.2) Fighting
   Level 10.7(8.6) Long Blades
 - Level 14.2(13.7) Axes
 - Level 13.1(13.2) Maces & Flails
 + Level 8.0(6.1) Armour
 - Level 4.0(2.3) Dodging
 - Level 4.0(2.2) Shields


You had 8 spell levels left.
You knew the following spells:

 Your Spells              Type           Power        Failure   Level  Hunger
a - Ozocubu's Armour      Chrm/Ice       #.......     98%         3    ####...


Dungeon Overview and Level Annotations

Branches:
Dungeon (12/15)            Temple (1/1) D:6            Lair (0/6) D:10
    Orc (0/2) D:11

Altars:
Ashenzari
Cheibriados
Dithmenos
Gozag
Kikubaaqudgha
Okawaru
Qazlal
Ru
Sif Muna
Trog
Uskayaw
Vehumet
Xom
Zin
The Shining One

Shops:
D:6 (

Annotations:
D:11 4 runed doors
D:12 Josephine, Rupert


Innate Abilities, Weirdness & Mutations

You reflexively headbutt those who attack you in melee.
You have a pair of horns on your head.


Message History

The ghostly flame explodes!
The ghostly fireball engulfs you!
You feel drained.
The ghostly fireball engulfs Josephine.
Josephine completely resists.
Okay, then.
You feel protected. The wraith hits you but does no damage.
Josephine hits you with a dagger.
A wyvern comes into view.
The wyvern hisses angrily.
You hit Josephine. You headbutt Josephine!!
Josephine is severely wounded.
You block the wraith's attack.
Josephine is infused with unholy energy.
* * * LOW HITPOINT WARNING * * *
Josephine draws life force from you and is healed!
Rupert completely misses you. You furiously retaliate!
You headbutt Rupert. You sock Josephine! You headbutt Josephine.
Josephine is severely wounded.
You block the wraith's attack.
Josephine points at you and mumbles some strange words.
The ghostly flame explodes!
The ghostly fireball engulfs you!
You feel drained.
You die...

.....# #..... ##
#.#... .
##.....##.# #
#.......#.##.#
.#...........
......@#@#.####
#..#.W@......## #
###......?.......
#...........####.##
# #.###.......#
#...#
#.#.....l..##:#
#...#
.............#
#...# #......#)#..#
#...# #...........#
#...# ######
##........#.##
#...# #.....


You could see Rupert, Josephine, a wraith and a wyvern.

Vanquished Creatures
  Harold (D:10)
  A queen ant (D:9)
  3 two-headed ogres
  Nergalle (D:11)
  2 unseen horrors
  Pikel (D:7)
  A deep elf mage (D:12)
  2 cyclopes (D:11)
  A manticore (D:11)
  The ghost of wilfster70 the Slinger, a novice HaWr of Okawaru (D:5)
  2 centaur skeletons (D:11)
  A kobold demonologist (D:11)
  A troll (D:11)
  Grinder (D:5)
  4 slime creatures (D:12)
  2 hippogriffs
  7 wraiths
  A shadow (D:11)
  A spriggan (D:8)
  2 hungry ghosts
  4 wargs (D:11)
  6 soldier ants (D:9)
  A water moccasin (D:10)
  An acid dragon (D:11)
  A sky beast (D:7)
  2 hell hounds (D:10)
  4 orc warriors
  2 ice beasts
  4 slaves (D:7)
  2 black bears
  A phantom (D:8)
  6 ogres
  5 centaurs
  2 elf zombies (Ossuary)
  5 bullfrogs
  3 big kobolds
  A gnoll sergeant (D:10)
  3 scorpions
  14 killer bees
  3 wights (D:6)
  3 howler monkeys
  4 crimson imps
  A bullfrog zombie (D:12)
  Crazy Yiuf (D:4)
  2 jellies
  3 orc priests
  3 human zombies (Ossuary)
  5 orc wizards
  2 hounds
  An iguana (D:11)
  Ijyb (D:5)
  Natasha (thrice) (D:4)
  28 worker ants
  3 mummies (Ossuary)
  2 hound zombies
  A hound skeleton (D:4)
  9 adders
  5 gnolls (D:10)
  4 shadow imps
  An ooze (D:5)
  2 adder skeletons
  2 adder zombies
  3 worms
  A dart slug (D:5)
  7 leopard geckos
  38 orcs
  5 giant cockroaches
  8 hobgoblins
  17 jackals
  3 quokkas
  4 ball pythons
  2 bats
  6 frilled lizards
  3 gnoll zombies (Ossuary)
  4 goblins
  4 goblin zombies
  3 hobgoblin zombies (Ossuary)
  7 jackal zombies (Ossuary)
  19 kobolds
  4 kobold zombies (Ossuary)
  A leopard gecko skeleton (D:7)
  An orc zombie (Ossuary)
  3 quokka zombies (Ossuary)
  9 rats
  6 rat zombies
  2 fungi (D:4)
352 creatures vanquished.

Notes
Turn   | Place    | Note
-------+----------+-------------------------------------------
     0 | D:1      | empire the Minotaur Fighter began the quest for the Orb.
     0 | D:1      | Reached XP level 1. HP: 19/19 MP: 0/0
   106 | D:1      | Reached XP level 2. HP: 17/27 MP: 1/1
  1287 | D:2      | Reached XP level 3. HP: 33/33 MP: 2/2
  1393 | D:3      | Found a hide-covered altar of Uskayaw.
  1491 | D:3      | Reached skill level 1 in Axes
  1501 | D:3      | Reached skill level 2 in Axes
  1501 | D:3      | Reached skill level 1 in Dodging
  1501 | D:3      | Reached XP level 4. HP: 31/40 MP: 3/3
  2156 | D:4      | Reached skill level 3 in Axes
  2171 | D:4      | Reached XP level 5. HP: 27/46 MP: 4/4
  2184 | D:4      | Noticed Natasha
  2198 | D:4      | Killed Natasha
  2198 | D:4      | Reached skill level 4 in Axes
  2336 | D:4      | Found a sand-covered staircase.
  2344 | Ossuary  | Entered an ossuary
  2498 | Ossuary  | Reached skill level 5 in Axes
  2498 | Ossuary  | Reached XP level 6. HP: 44/52 MP: 5/5
  2789 | Ossuary  | Reached skill level 6 in Axes
  2892 | D:4      | Noticed Natasha
  2898 | D:4      | Killed Natasha
  2898 | D:4      | Reached XP level 7. HP: 53/59 MP: 6/6
  2978 | D:4      | Found a shadowy altar of Dithmenos.
  3051 | D:4      | Noticed Natasha
  3056 | D:4      | Killed Natasha
  3072 | D:4      | Found a shimmering altar of Xom.
  3118 | D:4      | Found a snail-covered altar of Cheibriados.
  3123 | D:4      | Became a worshipper of Cheibriados the Contemplative
  3277 | D:4      | Found a runed door.
  3281 | D:4      | Noticed Crazy Yiuf
  3289 | D:4      | Killed Crazy Yiuf
  3347 | D:5      | Entered Level 5 of the Dungeon
  3359 | D:5      | Noticed wilfster70's ghost (novice HaWr)
  3372 | D:5      | Killed wilfster70's ghost
  3372 | D:5      | Reached skill level 5 in Long Blades
  3372 | D:5      | Reached skill level 8 in Axes
  3372 | D:5      | Reached XP level 8. HP: 60/66 MP: 7/7
  3373 | D:5      | Found a radiant altar of Vehumet.
  3622 | D:5      | Got a smoking robe
  3633 | D:5      | Noticed Grinder
  3635 | D:5      | Paralysed by Grinder for 4 turns
  3643 | D:5      | Paralysed by Grinder for 6 turns
  3654 | D:5      | Paralysed by Grinder for 7 turns
  3667 | D:5      | Paralysed by Grinder for 2 turns
  3672 | D:5      | Killed Grinder
  3672 | D:5      | Reached skill level 9 in Axes
  3745 | D:5      | Found a bloodstained altar of Trog.
  3818 | D:5      | Reached * piety under Cheibriados
  3895 | D:5      | Found a glowing drain.
  3900 | Sewer    | Entered a sewer
  4106 | Sewer    | Got an ebony mace
  4109 | Sewer    | Reached ** piety under Cheibriados
  4421 | D:5      | Noticed Ijyb
  4429 | D:5      | Killed Ijyb
  4610 | D:5      | Found an iron altar of Okawaru.
  4613 | D:5      | Identified the +1 robe "Xoennor" {rElec} (You found it on level 5 of the Dungeon)
  4615 | D:5      | Identified the +7 mace "Voonoho" {crush, rPois} (You found it in a sewer)
  4675 | D:6      | Reached skill level 10 in Axes
  4677 | D:6      | Reached XP level 9. HP: 71/71 MP: 8/8
  4704 | D:6      | Found Sepetuum's Antique Weapon Shoppe.
  4738 | D:6      | Found a staircase to the Ecumenical Temple.
  4747 | Temple   | Entered the Ecumenical Temple
  4828 | D:6      | Found an opulent altar of Gozag.
  4829 | D:6      | Found a glowing silver altar of Zin.
  4986 | D:6      | Reached skill level 1 in Maces & Flails
  5030 | D:6      | Found a stormy altar of Qazlal.
  5037 | D:6      | Found an ancient bone altar of Kikubaaqudgha.
  5218 | D:7      | Reached *** piety under Cheibriados
  5243 | D:7      | Reached skill level 5 in Maces & Flails
  5262 | D:7      | Found a shattered altar of Ashenzari.
  5383 | D:7      | Identified Faace's First Steps in Spellweaving
  5484 | D:7      | Noticed Pikel
  5502 | D:7      | Killed Pikel
  6057 | D:8      | Found a glowing golden altar of the Shining One.
  6103 | D:8      | Noticed a two-headed ogre
  6110 | D:8      | Killed a two-headed ogre
  6110 | D:8      | Reached skill level 10 in Maces & Flails
  6110 | D:8      | Reached XP level 10. HP: 25/78 MP: 9/9
  6111 | D:8      | Reached **** piety under Cheibriados
  6432 | D:8      | Found a deep blue altar of Sif Muna.
  6573 | D:8      | Found the +5 scythe "Finisher" {speed, Str+3}
  6701 | D:9      | Found a sacrificial altar of Ru.
  6782 | D:9      | Noticed a two-headed ogre
  6789 | D:9      | Killed a two-headed ogre
  6860 | D:9      | Noticed a queen ant
  6880 | D:9      | Killed a queen ant
  6923 | D:9      | Reached ***** piety under Cheibriados
  6953 | D:9      | Reached skill level 11 in Axes
  6956 | D:9      | Reached XP level 11. HP: 40/84 MP: 10/10
  7512 | D:10     | Entered Level 10 of the Dungeon
  7601 | D:10     | Noticed a two-headed ogre
  7607 | D:10     | Killed a two-headed ogre
  7655 | D:10     | Killed an unseen horror
  7655 | D:10     | Reached skill level 12 in Axes
  7747 | D:10     | Found a staircase to the Lair.
  8120 | D:10     | Reached skill level 10 in Long Blades
  8158 | D:10     | Noticed Harold
  8174 | D:10     | Killed Harold
  8436 | D:11     | Reached ****** piety under Cheibriados
  8755 | Temple   | Learned a level 3 spell: Ozocubu's Armour
  8899 | D:11     | Noticed Nergalle
  8910 | D:11     | Killed Nergalle
  8910 | D:11     | Reached skill level 13 in Axes
  8989 | D:11     | Noticed a soul eater
  9069 | D:11     | Got a pitted scale mail
  9078 | D:11     | Reached skill level 14 in Axes
  9132 | D:11     | Killed an unseen horror
  9709 | D:11     | Found a runed door.
  9720 | D:11     | Found a runed door.
  9727 | D:11     | Reached XP level 12. HP: 91/91 MP: 11/11
  9731 | D:11     | Found a runed door.
  9736 | D:11     | Reached skill level 5 in Armour
  9860 | D:11     | Found a runed door.
  9941 | D:11     | Found a staircase to the Orcish Mines.
 10470 | D:12     | Got an agate-encrusted ring mail
 10480 | D:12     | Noticed Josephine
 10484 | D:12     | Noticed Rupert
 10492 | D:12     | Killed from afar by Josephine

Skill      XL: |  1  2  3  4  5  6  7  8  9 10 11 12 |
---------------+-------------------------------------+-----
Armour         | 4 8 |  8.0
Fighting       | 4 |  4.0
Shields        | 4 |  4.0
Long Blades    | 3 5 8 10 | 10.7
Axes           | 2 3 5 6 8 10 11 14 | 14.2
Dodging        | 1 2 3 4 |  4.0
Maces & Flails | 10 13 | 13.1

Action                   |  1- 3 |  4- 6 |  7- 9 | 10-12 || total
-------------------------+-------+-------+-------+-------++-------
Melee: Long sword        |    70 |       |       |       ||    70
       Headbutt          |    13 |    28 |    59 |   122 ||   222
       War axe           |    19 |   150 |   122 |       ||   291
       Mace              |       |       |   116 |   358 ||   474
Evoke: Wand              |       |       |       |     5 ||     5
  Use: Scroll            |       |     9 |    10 |    10 ||    29
       Potion            |       |     2 |     3 |     6 ||    11
 Stab: Sleeping          |       |       |     1 |     2 ||     3
       Invisible         |       |       |       |    10 ||    10
  Eat: Chunk             |     2 |     3 |     6 |     9 ||    20
       Ration            |       |       |     1 |       ||     1
Armor: Scale mail        |    19 |       |       |       ||    19
       Ring mail         |     7 |    31 |    81 |   136 ||   255
       Skin              |       |       |     3 |       ||     3
Dodge: Dodged            |    22 |    60 |    87 |   178 ||   347
Block: Shield            |    43 |    69 |   132 |   281 ||   525
       Rpst.: Long sword |     3 |       |       |       ||     3
